 Dungeon Crawl Stone Soup version 0.29.1-debian-1-gc3f1650bb9 (webtiles) character file.

Game seed: 11112971766338943503

646 Newt the Cutter (level 7, -1/54 HPs)
             Began as a Demonspawn Gladiator on Sept 12, 2022.
             Was a Follower of Dithmenos.
             Slain by a gnoll
             ... wielding a +0 flail
             ... led by a gnoll bouda
              (8 damage)
             ... on level 4 of the Dungeon.
             The game lasted 00:07:31 (6242 turns).

Newt the Cutter (Demonspawn Gladiator)              Turns: 6242, Time: 00:07:32

Health: -1/54      AC:  5    Str: 17    XL:     7   Next: 27%
Magic:  7/7        EV: 13    Int: 18    God:    Dithmenos [*.....]
Gold:   195        SH:  0    Dex: 14    Spells: 6/6 levels left

rFire   . . .      SeeInvis +   a - +0 rapier (vorpal)
rCold   . . .      Faith    +   (no shield)
rNeg    . . .      Spirit   .   z - +0 leather armour of Mawadgho {Int+3}
rPois   .          Reflect  .   (helmet restricted)
rElec   .          Harm     .   (no cloak)
rCorr   .          Rampage  .   (no gloves)
Will    +....                   (no boots)
Stlth   ++........              r - amulet of faith
HPRegen 0.18/turn               g - ring of see invisible
MPRegen 0.10/turn               w - +6 ring of intelligence

@: wreathed by umbra
A: horns 2, icy blue scales 1, strong-willed 1
a: Renounce Religion


You were on level 4 of the Dungeon.
You worshipped Dithmenos.
Dithmenos was aware of your devotion.
You visited 1 branch of the dungeon, and saw 5 of its levels.

You collected 195 gold pieces.

Inventory:

Hand Weapons
 a - a +0 vorpal rapier (weapon)
Missiles
 v - 3 datura-tipped darts (quivered)
Armour
 b - a +0 leather armour
 c - a +0 helmet
 z - the +0 leather armour of Mawadgho (worn) {Int+3}
   (You found it on level 4 of the Dungeon)

   Int:       It affects your intelligence (+3).
Jewellery
 g - a ring of see invisible (left hand)
 r - an amulet of faith (around neck)
 t - a ring of resist corrosion
 w - a +6 ring of intelligence (right hand)
Wands
 y - a wand of digging (6)
Scrolls
 h - 3 scrolls of fear
 i - a scroll of identify
 m - a scroll of blinking {unknown}
 x - a scroll of magic mapping {unknown}
 A - a scroll of silence {unknown}
Potions
 f - a potion of magic
 j - 4 potions of degeneration
 k - 2 potions of lignification
 l - 2 potions of curing
 n - a potion of might
 o - a potion of cancellation {unknown}
 p - 2 potions of brilliance {unknown}
 q - 2 potions of mutation
 s - a potion of attraction {unknown}
 u - 2 potions of heal wounds {unknown}
 B - a potion of invisibility {unknown}
 C - a potion of haste {unknown}


   Skills:
 - Level 4.0 Fighting
 - Level 6.0 Short Blades
 - Level 1.7 Throwing
 + Level 0.3 Armour
 - Level 4.0 Dodging
 - Level 2.0 Stealth


You had 6 spell levels left.
You didn't know any spells.
Your spell library contained the following spells:

 Spells                   Type           Power      Damage    Failure   Level
 Blink                    Tloc           0%         N/A       36%         2
 Frozen Ramparts          Ice            0%         1d1       61%         3
 Kindle Blastsparks       Fire/Tloc/Air  0%         2d10      61%         3
 Lesser Beckoning         Tloc           0%         N/A       61%         3
 Fulminant Prism          Conj/Hex       0%         3d6       95%         4
 Ice Form                 Ice/Tmut       0%         N/A       95%         4
 Iskenderun's Mystic Bla  Conj/Tloc      0%         2d3       95%         4
 Manifold Assault         Tloc           0%         N/A       95%         4
 Summon Ice Beast         Ice/Summ       0%         N/A       95%         4
 Lee's Rapid Deconstruct  Erth           0%         3d5*      100%        5


Dungeon Overview and Level Annotations

Branches:
Dungeon (5/15)
 Temple: D:4-7

Altars:
Dithmenos
Fedhas
Gozag
Nemelex Xobeh
Qazlal
Trog
Wu Jian

Shops:
D:4 (


Innate Abilities, Weirdness & Mutations

You have a pair of horns on your head.
You are partially covered in icy blue scales. (AC +2)
You are strong-willed. (Will+)


Message History

The gnoll barely misses you.
You climb upwards.
There is a stone staircase leading down, spattered with blood here.
Unknown command.
You hit the gnoll.
The gnoll is moderately wounded.
The gnoll closely misses you. The gnoll barely misses you.
You barely miss the gnoll. You headbutt the gnoll.
The gnoll is severely wounded.
The gnoll hits you with a +0 flail. The gnoll hits you with a +0 flail!
* * * LOW HITPOINT WARNING * * *
You closely miss the gnoll.
The gnoll is severely wounded.
The gnoll barely misses you.
You barely miss the gnoll.
The gnoll is severely wounded.
The gnoll hits you with a +0 flail!
* * * LOW HITPOINT WARNING * * *
The gnoll barely misses you.
Unknown command.
You puncture the gnoll!
You kill the gnoll!
Dithmenos accepts your kill. The gnoll barely misses you.
Unknown command.
Throw: javelin
Press: ? - help, Q - select action, (/) - cycle Shift-Dir - straight line, f - gnoll
Aim: a gnoll, wielding a +0 flail (covering ground quickly, umbra, 64% to hit)
You throw a javelin.
The javelin pierces through the gnoll but does no damage.
The gnoll barely misses you.
Unknown command.
Throw: throwing net
Press: ? - help, Q - select action, (/) - cycle Shift-Dir - straight line, f/p - gnoll
Aim: a gnoll, wielding a +0 flail (covering ground quickly, umbra, 64% to hit)
You throw a throwing net.
The throwing net closely misses the gnoll.
The gnoll misses you.
You hit the gnoll but do no damage. The gnoll hits you with a +0 flail!
You die...

#.###.#..........................
#...............#....#...#......#
#..#.#..........#.....<..#####...
#..#.#.#'######.#....##..#####...
.................................
#....#...######<..#..##.######.##
###.........#....##..##.# ##.##
###.####.##.....(##..##.#####....
....####.#####.)@................
......##....####)g......##.######
......##....####..#..###...# #
..._........'.....#..# #.### #
#......##...#####.#..# #.# ##
#......##...#####.#..###.# #.
###....##................### #.
###.#####..######..........#####.
....#####..#.....................


You could see a gnoll (swift).

Vanquished Creatures
  Edmund (D:4)
  An ogre (D:4)
  A gnoll sergeant (D:4)
  A scorpion (D:4)
  2 hounds (D:4)
  An orc wizard (D:4)
  Robin (D:4)
  12 gnolls
  6 adders
  An ufetubus (D:3)
  A worm (D:3)
  2 dart slugs (D:1)
  2 orcs
  2 endoplasms
  A giant cockroach (D:3)
  9 goblins
  11 hobgoblins
  10 jackals
  6 quokkas
  6 ball pythons
  6 bats
  6 frilled lizards
  7 kobolds
  5 rats
101 creatures vanquished.

Vanquished Creatures (collateral kills)
  2 orcs (D:4)
  An endoplasm (D:4)
3 creatures vanquished.

Vanquished Creatures (others)
  9 fungi (D:4)
9 creatures vanquished.

Grand Total: 113 creatures vanquished

Notes
Turn   | Place    | Note
-------+----------+-------------------------------------------
     0 | D:1      | Newt the Demonspawn Gladiator began the quest for the Orb.
     0 | D:1      | Reached XP level 1. HP: 16/16 MP: 1/1
    33 | D:1      | Reached skill level 1 in Stealth
   304 | D:1      | Gained mutation: You have a pair of small horns on your
                  | head. [demonic ancestry]
   304 | D:1      | Reached XP level 2. HP: 19/22 MP: 2/2
   922 | D:2      | Reached XP level 3. HP: 8/29 MP: 3/3
  1333 | D:2      | Found a faded altar of an unknown god.
  1756 | D:3      | Gained mutation: You are strong-willed. (Will+) [potion of
                  | mutation]
  1792 | D:3      | Reached XP level 4. HP: 37/37 MP: 4/4
  2557 | D:3      | Reached skill level 3 in Short Blades
  2735 | D:3      | Found an opulent altar of Gozag.
  2737 | D:3      | Found a shadowy altar of Dithmenos.
  3108 | D:3      | Found a blossoming altar of Fedhas.
  3171 | D:3      | Found a stormy altar of Qazlal.
  3226 | D:4      | Noticed a scorpion
  3242 | D:4      | Killed a scorpion
  3243 | D:4      | Gained mutation: You are partially covered in icy blue
                  | scales. (AC +2) [demonic ancestry]
  3243 | D:4      | Reached XP level 5. HP: 18/42 MP: 5/5
  3256 | D:3      | Found a sparkling altar of Nemelex Xobeh.
  3256 | D:3      | Found an ornate altar of the Wu Jian Council.
  3404 | D:3      | Became a worshipper of Dithmenos the Shadowed
  3540 | D:4      | Reached skill level 4 in Short Blades
  3581 | D:4      | Noticed an ogre
  3608 | D:4      | Killed an ogre
  3959 | D:4      | Identified the +0 leather armour of Mawadgho {Int+3}
  3996 | D:4      | Reached XP level 6. HP: 44/48 MP: 6/6
  4479 | D:4      | Found a bloodstained altar of Trog.
  4481 | D:4      | Noticed Robin
  4493 | D:4      | Killed Robin
  4499 | D:4      | Reached * piety under Dithmenos
  4756 | D:4      | Noticed Edmund
  4773 | D:4      | Killed Edmund
  4774 | D:4      | Reached skill level 5 in Short Blades
  4996 | D:4      | Found Oqeuntor's Weapon Shop.
  5307 | D:5      | Entered Level 5 of the Dungeon
  5323 | D:4      | Gained mutation: You have a pair of horns on your head.
                  | [demonic ancestry]
  5323 | D:4      | Reached XP level 7. HP: 13/54 MP: 7/7
  6199 | D:5      | Reached skill level 6 in Short Blades
  6242 | D:4      | Slain by a gnoll

Illustrated notes

Levels and vault maps discovered:
D:1:      moated_graveyard_arrival, layout_basic, minmay_close_crescents
D:2:      layout_rooms, basic_ecumenical_altar, basic_altar
D:3:      layout_basic, grunt_temple_overflow_forces_of_nature,
          nicolae_overflow_hidden_temple, minmay_starry_boxes
D:4:      layout_basic, nicolae_overflow_crystal_walls,
          nicolae_concentric_dashed_squares_wild, nicolae_wooded_promenade,
          corexii_hall_statues_i, dreamdust_gnoll_farm, uniq_edmund, uniq_robin
D:5:      layout_basic, kennysheep_mini_moat, uniq_duvessa

Skill      XL: |  1  2  3  4  5  6  7 |
---------------+----------------------+-----
Stealth        | 1 2 |  2.0
Fighting       | 3 4 |  4.0
Short Blades   | 3 4 5 6 |  6.0
Dodging        | 3 4 |  4.0
Throwing       | |  1.7
Armour         | |  0.3

Action                   |  1- 3 |  4- 6 |  7- 9 || total
-------------------------+-------+-------+-------++-------
Melee: Rapier            |   117 |   172 |    49 ||   338
       Punch             |     2 |     2 |     1 ||     5
       Headbutt          |    17 |    23 |     8 ||    48
Throw: Javelin           |     1 |       |     1 ||     2
       Throwing net      |       |     4 |     1 ||     5
       Dart              |       |     1 |       ||     1
  Use: Scroll            |     7 |     1 |       ||     8
       Potion            |     2 |     3 |       ||     5
 Stab: Sleeping          |     5 |     5 |       ||    10
Armor: Leather armour    |    32 |    31 |     2 ||    65
Dodge: Dodged            |   101 |   125 |    56 ||   282
